Map: Prion Terraces

Players

ILLBdA

  • Race: Protoss Protoss
  • League: Diamond

댄스왕 - Winner!

  • Race: Terran Terran
  • League: Diamond

VOD

Have the link to the VOD?

Description

Time

  • Played on: Dec. 14, 2015, 7:26 a.m.
  • Length: 4:55
Show
View Real Time Build Order
Export as new Build Order

ILLBdA Protoss 

Build Orders: Oracle Opening 

Get SALT Encoding   

  12  0:01  Probe (Chrono Boost)  
  13  0:11  Probe (Chrono Boost)  
  14  0:18  Pylon  
  14  0:22  Probe (Chrono Boost)  
  15  0:36  Gateway  
  15  0:38  Probe (Chrono Boost)  
  16  0:49  Probe (Chrono Boost)  
  17  0:50  Assimilator  
  17  0:55  Assimilator  
  17  0:59  Probe (Chrono Boost)  
  18  1:10  Probe (Chrono Boost)  
  19  1:20  Probe (Chrono Boost)  
  19  1:24  Cybernetics Core  
  20  1:27  Pylon  
  20  1:31  Probe (Chrono Boost)  
  21  1:41  Probe (Chrono Boost)  
  22  1:52  Probe (Chrono Boost)  
  23  2:02  Probe (Chrono Boost)  
  23  2:05  Stargate  
  24  2:10  Adept (Chrono Boost)  
  24  2:13  Mothership Core, Pylon  
  28  2:19  Gateway  
  28  2:41  Probe  
  29  2:44  Gateway  
  29  2:47  Oracle (Chrono Boost)  
  29  2:50  Stalker  
  34  3:06  Pylon  
  34  3:18  Probe  
  39  3:20  Void Ray (Chrono Boost)  
  37  4:02  Stalker x3  
Show
View Real Time Build Order
Export as new Build Order

댄스왕 Terran - Winner!

Build Orders:  

Get SALT Encoding   

  12  0:01  SCV  
  13  0:13  SCV  
  14  0:20  Supply Depot  
  14  0:25  SCV  
  15  0:42  SCV  
  16  0:44  Barracks  
  16  0:53  Refinery  
  16  0:54  SCV  
  17  1:06  SCV  
  18  1:18  SCV  
  19  1:31  Orbital Command  
  19  1:40  Command Center  
  19  1:43  Marine  
  20  1:52  Supply Depot  
  20  2:00  SCV  
  21  2:07  Factory  
  21  2:15  SCV  
  22  2:17  Barracks Reactor  
  22  2:24  Refinery  
  22  2:27  SCV  
  23  2:39  SCV  
  23  2:40  Barracks  
  24  2:51  SCV  
  24  2:53  Factory Tech Lab, Marine x2  
  24  2:56  Orbital Command  
  26  3:00  Supply Depot  
  26  3:04  SCV  
  27  3:11  Marine x2  
  29  3:18  Cyclone  
  32  3:24  SCV  
  33  3:29  Marine  
  33  3:33  Marine  
  32  3:34  Marine  
  28  3:46  Marine  
  27  3:51  Marine  
  27  3:52  Marine  
  28  3:57  SCV  
  29  4:04  Marine  
  29  4:09  SCV, Marine  
  32  4:10  Marine  
  32  4:12  Cyclone  
  36  4:22  Marine  
  32  4:27  Marine  
  32  4:30  Marine  
  30  4:33  SCV  
  31  4:38  SCV  
  33  4:48  Bunker  
Tags
 
Add a new tag
Caveats
  • Supply blocks, unpowered buildings, or Contaminate may cause inaccurate times.
  • Supply counts are checked every 10 seconds.